 Dungeon Crawl Stone Soup version 0.20.1-1-g8b1a95d66d (webtiles) character file.

56 Gargoyl the Skirmisher (level 3, -4/31 HPs)
             Began as a Centaur Abyssal Knight on Dec 30, 2017.
             Was a Follower of Lugonu.
             Killed by divine providence
             ... invoked by an orc priest
              (15 damage)
             ... on level 3 of the Dungeon.
             The game lasted 00:05:44 (2054 turns).

Gargoyl the Skirmisher (Centaur Abyssal Knight)     Turns: 2054, Time: 00:05:44

Health: -4/31      AC:  9    Str: 13 (14) XL:     3   Next: 71%
Magic:  4/4        EV:  3    Int: 13 (16) God:    Lugonu [*.....]
Gold:   105        SH:  0    Dex:  6 (9)  Spells: 2/2 levels left

rFire    . . .     SeeInvis +   g - +0 executioner's axe
rCold    . . .     Gourm    .   (shield currently unavailable)
rNeg     . . .     Faith    .   f - +0 chain mail
rPois    +         Spirit   .   h - +2 hat
rElec    .         Reflect  .   (no cloak)
rCorr    .         Harm     .   (no gloves)
MR       .....                  (no barding)
Stlth    ..........             (no amulet)
Regen    0.1/turn               k - ring of see invisible
MPRegen  0.1/turn               i - ring of poison resistance

@: brilliant, lethally poisoned (-4 -> -14), very slightly contaminated,
invisible, very quick
A: hooves 3, deformed body, speed 2, tough skin 3
a: Depart the Abyss, Renounce Religion


You were on level 3 of the Dungeon.
You worshipped Lugonu.
Lugonu was aware of your devotion.
You were hungry.

You visited 1 branch of the dungeon, and saw 3 of its levels.
You visited the Abyss 1 time.

You collected 105 gold pieces.

Inventory:

Hand Weapons
 a - a +1 hand axe
 e - a +1 battleaxe of chopping
 g - a +0 executioner's axe (weapon)
Armour
 f - a +0 chain mail (worn)
 h - a +2 hat (worn)
Jewellery
 i - a ring of poison resistance (right hand)
 k - a ring of see invisible (left hand)
 l - a +3 amulet of reflection {unknown}
 q - an uncursed ring of resist corrosion
Scrolls
 m - a scroll of teleportation {unknown}
 o - 2 scrolls of identify {unknown}
 p - a scroll of recharging {unknown}
Comestibles
 c - 2 bread rations


   Skills:
 + Level 3.5 Fighting
 + Level 2.0 Axes
 * Level 2.3 Armour
 + Level 0.8 Dodging
 * Level 2.2 Invocations


You had 2 spell levels left.
You didn't know any spells.

Dungeon Overview and Level Annotations

Branches:
Dungeon (3/15)

Altars:

Annotations:
D:3 Purgy


Innate Abilities, Weirdness & Mutations

You have hooves in place of feet.
Armour fits poorly on your strangely shaped body.
You cover ground very quickly.
You have extremely tough skin. (AC +3)


Message History

You slash the orc!
You are feeling hungry.
You feel sick. The orc barely misses you.
The goblin hits you but does no damage. The orc hits you but does no damage.
Unknown command.
You closely miss the goblin. You barely miss the orc.
You feel sick. The goblin hits you. The orc barely misses you.
The orc priest invokes the aid of Beogh against you.
Beogh smites you! The goblin hits you but does no damage.
The orc hits you but does no damage.
Unknown command.
You closely miss the goblin. Your kick misses the goblin. You slash the orc!
You kill the orc!
Lugonu accepts your kill.
You feel sick.
The orc priest looks braver for a moment.
The goblin barely misses you.
The orc priest calls down the wrath of Beogh upon you.
Beogh smites you!
You die...

#. #g #.
#. #. #.
#.######
#....g@#
######)#
#o# #o#


oT# #l# ... ##. . You could see Purgy, 2 orc priests, an orc, a leopard gecko
and a goblin.

Vanquished Creatures
  2 adders (D:2)
  A worm (D:2)
  An orc (D:3)
  2 giant cockroaches
  3 goblins
  3 hobgoblins
  5 jackals (D:1)
  5 bats
  6 frilled lizards
  2 kobolds
  4 rats
34 creatures vanquished.

Notes
Turn   | Place    | Note
-------+----------+-------------------------------------------
     0 | Abyss:1  | Gargoyl the Centaur Abyssal Knight began the quest for the Orb.
     0 | Abyss:1  | Reached XP level 1. HP: 19/19 MP: 2/2
    50 | Abyss:1  | Noticed a large abomination
    92 | Abyss:2  | Noticed a wretched star
   123 | Abyss:2  | Noticed a manticore
   124 | Abyss:2  | Noticed a yaktaur
   124 | Abyss:2  | a manticore changed into a yaktaur
   126 | D:1      | Escaped the Abyss
   172 | D:1      | Reached * piety under Lugonu
   280 | D:1      | Reached XP level 2. HP: 6/26 MP: 3/3
  1265 | D:2      | Reached XP level 3. HP: 24/31 MP: 4/4
  2048 | D:3      | Noticed Purgy
  2054 | D:3      | Killed from afar by an orc priest

Skill      XL: |  1  2 |
---------------+-------+-----
Axes           | 2 |  2.0
Armour         | 2 |  2.3
Fighting       | |  3.5
Dodging        | |  0.8
Invocations    | |  2.2

Action                   || total
-------------------------++-------
Melee: Executioner's axe ||   226
       Kick              ||    36
Invok: Depart the Abyss  ||     1
  Use: Scroll            ||     4
       Potion            ||     4
  Eat: Chunk             ||     3
Armor: Chain mail        ||   358
Dodge: Dodged            ||    87
